 Dungeon Crawl Stone Soup version 0.30-a0-782-ge64f9170bb (webtiles) character file.

Game seed: 1859404765593044453

3339 Querens the Trooper (level 10, -21/75 HPs)
             Began as a Djinni Hedge Wizard on Feb 27, 2023.
             Was an Initiate of Makhleb.
             Demolished by a two-headed ogre
             ... wielding a +0 giant spiked club
              (25 damage)
             ... on level 8 of the Dungeon.
             The game lasted 00:35:10 (6036 turns).

Querens the Trooper (Djinni Hedge Wizard)           Turns: 6036, Time: 00:35:10

Health: -21/75     AC:  5    Str:  9    XL:     10   Next: 22%
Gold:   430        EV: 10    Int: 24    God:    Makhleb [......] SH:  9 Dex: 13

rFire   + + +      SeeInvis .    N - +7 dagger "Qosiphod" {venom, Int+4}
rCold   . . .      Faith    .    L - +0 kite shield
rNeg    . . .      Spirit   .    b - +0 robe
rPois   ∞          Reflect  .    l - +2 hat
rElec   .          Harm     .    C - scarf {rC+ rF+}
rCorr   .          Rampage  .    a - +0 pair of gloves
Will    +....                    (boots unavailable)
Stlth   ++                       (no amulet)
HPRegen 0.32/turn                (no ring)
MPRegen 0.00/turn                (no ring)

@: flying
A: sickness immunity, fire resistance 2, cold vulnerability 1, float, innate
caster, HP casting, extra vitality 1
a: Renounce Religion


You were on level 8 of the Dungeon.
You worshipped Makhleb.
Makhleb was noncommittal.
You visited 2 branches of the dungeon, and saw 9 of its levels.

You collected 430 gold pieces.

Inventory:

Hand Weapons
 E - the +7 trident "Onuuzali" {freeze, rElec rPois rF++ rC+}
   (You found it on level 6 of the Dungeon)

   rF:        It greatly protects you from fire.
   rC:        It protects you from cold.
   rElec:     It insulates you from electricity.
   rPois:     It protects you from poison.
 N - the +7 dagger "Qosiphod" (weapon) {venom, Int+4}
   (You found it on level 7 of the Dungeon)

   Int:       It affects your intelligence (+4).
Missiles
 J - a curare-tipped dart
 P - a throwing net
Armour
 a - a +0 pair of gloves (worn)
 b - a +0 robe (worn)
 l - a +2 hat (worn)
 C - a scarf of resistance (worn)
 H - the -2 cloak of the Armadillo {rPois rN++ Int+4}
   (You found it on level 6 of the Dungeon)

   Int:       It affects your intelligence (+4).
   rPois:     It protects you from poison.
   rN:        It greatly protects you from negative energy.
 L - a +0 kite shield (worn)
Magical Staves
 k - a staff of cold
 r - a staff of conjuration
Jewellery
 c - a +6 ring of intelligence
Wands
 o - a wand of light (6)
 w - a wand of polymorph (10)
 G - a wand of flame (29)
Scrolls
 f - 5 scrolls of identify {unknown}
 g - 3 scrolls of amnesia {unknown}
 i - 2 scrolls of fog {unknown}
 j - 3 scrolls of blinking {unknown}
 p - 5 scrolls of noise {unknown}
 q - a scroll of butterflies {unknown}
 u - 4 scrolls of teleportation {unknown}
 y - a scroll of immolation {unknown}
 B - a scroll of poison {unknown}
 O - a scroll of silence {unknown}
Potions
 d - 4 potions of mutation {unknown}
 e - 3 potions of might {unknown}
 m - a potion of flight {unknown}
 n - 2 potions of degeneration {unknown}
 s - a potion of invisibility {unknown}
 t - a potion of attraction {unknown}
 x - a potion of berserk rage {unknown}
 z - a potion of cancellation {unknown}
 F - a potion of brilliance {unknown}
 I - a potion of heal wounds {unknown}
 K - 2 potions of curing {unknown}
 M - 2 potions of ambrosia {unknown}


   Skills:
 + Level 7.6 Fighting
 - Level 5.0 Short Blades
 - Level 2.1 Dodging
 - Level 1.5 Stealth
 + Level 6.2 Shields
 + Level 6.4 Spellcasting


You had 3 spell levels left.
You knew the following spells:

 Your Spells              Type           Power      Damage    Failure   Level
a - Magic Dart            Conj           100%       1d8       1%          1
b - Slow                  Hex            100%       N/A       1%          1
c - Blink                 Tloc           76%        N/A       2%          2
d - Call Imp              Summ           38%        N/A       2%          2
e - Mephitic Cloud        Conj/Pois/Air  38%        N/A       4%          3
f - Summon Small Mammal   Summ           100%       N/A       1%          1
g - Passwall              Tmut/Erth      31%        N/A       2%          2
h - Dazzling Flash        Conj/Hex       76%        N/A       4%          3
i - Kindle Blastsparks    Fire/Tloc/Air  76%        2d16      4%          3
Your spell library was empty.

Dungeon Overview and Level Annotations

Branches:
Dungeon (8/15)             Temple (1/1) D:5
   Lair: D:8-11

Altars:
Cheibriados
Dithmenos
Elyvilon
Hepliaklqana
Makhleb
Nemelex Xobeh
Okawaru
Trog
Uskayaw
Wu Jian
Xom
Yredelemnul
Zin
The Shining One

Annotations:
D:5 2 transporters, Tianax89's ghost, novice DsBe


Innate Abilities, Weirdness & Mutations

You are immune to sickness and miasma.
You are immune to poison.
Your flesh is very heat resistant. (rF++)
You are vulnerable to cold. (rC-)
You float through the air rather than walking.
You learn spells naturally, not from books.
Your magical power is your life essence.
You have superior vitality. (+4 MHP)


Message History

You see here a +0 ring mail.
Found a stone staircase leading down.
Found 9 gold pieces.
A two-headed ogre comes into view.
It is wielding two +0 giant spiked clubs.
The two-headed ogre shouts in stereo!
Casting: Mephitic Cloud (dangerous; 4% risk of failure)
Confirm with . or Enter, or press ? or * to list all spells.
Aiming: Mephitic Cloud (dangerous; 4% risk of failure)
Press: ? - help, Shift-Dir - straight line, f - two-headed ogre
Aim: a two-headed ogre, wielding two +0 giant spiked clubs (chance to affect: 53%)
The ball explodes into a vile cloud!
The stinking cloud engulfs the two-headed ogre but does no damage.
The two-headed ogre is engulfed in noxious fumes.
Unknown command.
The two-headed ogre is engulfed in noxious fumes.
The two-headed ogre appears confused.
Casting: Mephitic Cloud (dangerous; 4% risk of failure)
Confirm with . or Enter, or press ? or * to list all spells.
Aiming: Slow (safe; 1% risk of failure)
Press: ? - help, Shift-Dir - straight line, f/p - two-headed ogre
Aim: a two-headed ogre, wielding two +0 giant spiked clubs (confused, chance to affect: 38%)
The two-headed ogre seems to slow down.
You hit the two-headed ogre.
The two-headed ogre is lightly wounded.
You hit the two-headed ogre.
The two-headed ogre is poisoned.
The two-headed ogre is lightly wounded.
You puncture the two-headed ogre!
The two-headed ogre looks even sicker.
The two-headed ogre is moderately wounded.
The two-headed ogre hits you with a +0 giant spiked club!!
The two-headed ogre barely misses you.
You hit the two-headed ogre.
The two-headed ogre looks as sick as possible!
The two-headed ogre is heavily wounded.
You hit the two-headed ogre but do no damage.
The two-headed ogre looks as sick as possible!
The two-headed ogre is heavily wounded.
The two-headed ogre hits you with a +0 giant spiked club!!
* * * LOW HITPOINT WARNING * * *
The two-headed ogre hits you with a +0 giant spiked club!!
You die...

..# ######.# .### ###
#.# ...# #.# #.# .###
#.# #.## .#
#.########### #... .#
#.##.> ..... #### .##
#.##.# #.#.# ..##
#.##.###.#.####
...#####........@....#
.#..........###.#O.....#
...########## #$#..###.#
#.## #....# #.# ###..#
#.# ... #.# .### #.# ..
#.#


You could see a two-headed ogre (confused, extremely poisoned, slow).

Vanquished Creatures
  Pikel (D:7)
  2 water moccasins
  3 black bears
  3 sky beasts
  An ogre (D:4)
  A centaur (D:6)
  2 phantoms
  A kobold brigand (D:6)
  A gnoll sergeant (D:7)
  A wight (D:5)
  5 killer bees (D:8)
  A howler monkey (D:6)
  6 hounds
  2 gnoll boudas
  6 orc priests
  Ijyb (D:3)
  7 orc wizards
  8 iguanas
  13 gnolls
  8 adders (D:5)
  A shadow imp (D:8)
  3 white imps (D:6)
  2 worms
  A dart slug (D:3)
  17 orcs
  9 bats
  6 endoplasms
  10 giant cockroaches
  5 goblins
  8 hobgoblins
  5 kobolds
  3 quokkas
  2 ball pythons
  3 frilled lizards
  2 rats
150 creatures vanquished.

Vanquished Creatures (collateral kills)
  A scorpion (D:6)
  2 wights (D:5)
  2 adders
  A white imp (D:3)
  2 dart slugs
  A worm (D:4)
  8 orcs
  An endoplasm (D:2)
  3 giant cockroaches (D:3)
  2 hobgoblins
  2 jackals (D:2)
  A quokka (D:2)
26 creatures vanquished.

Grand Total: 176 creatures vanquished

Notes
Turn   | Place    | Note
-------+----------+-------------------------------------------
     0 | D:1      | Querens the Djinni Hedge Wizard began the quest for the
                  | Orb.
     0 | D:1      | Querens set off with the following spells memorised: Magic
                  | Dart, Slow, Blink, Call Imp, Mephitic Cloud.
     0 | D:1      | Reached XP level 1. HP: 15/15 MP: 0/0
   120 | D:1      | Reached XP level 2. HP: 11/22 MP: 0/0
   273 | D:2      | Reached skill level 1 in Fighting
   324 | D:2      | Found a shadowy altar of Dithmenos.
   408 | D:1      | Reached skill level 1 in Short Blades
   418 | D:1      | Reached XP level 3. HP: 23/27 MP: 0/0
   418 | D:1      | Learned a level 1 spell: Summon Small Mammal
   667 | D:1      | Found a faded altar of an unknown god.
  1218 | D:3      | Reached XP level 4. HP: 32/33 MP: 0/0
  1255 | D:3      | Reached skill level 2 in Fighting
  1370 | D:3      | Reached XP level 5. HP: 14/38 MP: 0/0
  1370 | D:3      | Learned a level 2 spell: Passwall
  1742 | D:3      | Noticed Ijyb
  1762 | D:3      | Killed Ijyb
  1778 | D:3      | Reached XP level 6. HP: 22/45 MP: 0/0
  2248 | D:4      | Reached skill level 3 in Fighting
  2412 | D:4      | Noticed an ogre
  2427 | D:4      | Killed an ogre
  2428 | D:4      | Reached skill level 1 in Shields
  2428 | D:4      | Reached XP level 7. HP: 30/50 MP: 0/0
  2428 | D:4      | Learned a level 3 spell: Dazzling Flash
  2823 | D:5      | Entered Level 5 of the Dungeon
  2848 | D:5      | Noticed a water moccasin
  3002 | D:5      | Noticed a water moccasin
  3019 | D:4      | HP: 1/50 [water moccasin (2)]
  3284 | D:5      | Reached skill level 4 in Fighting
  3360 | D:5      | Reached XP level 8. HP: 24/58 MP: 0/0
  4015 | D:5      | Found a transporter.
  4018 | D:5      | Found a transporter.
  4018 | D:5      | Noticed Tianax89's ghost (novice DsBe)
  4240 | D:5      | Reached skill level 5 in Fighting
  4285 | D:5      | Found a staircase to the Ecumenical Temple.
  4294 | Temple   | Entered the Ecumenical Temple
  4608 | D:6      | Identified the +7 whip "Vien" {flame, rElec Int-5 Dex+7
                  | Stlth+}
  4618 | D:6      | Identified the +7 trident "Onuuzali" {freeze, rElec rPois
                  | rF++ rC+}
  4681 | D:6      | Reached XP level 9. HP: 47/65 MP: 0/0
  4681 | D:6      | Learned a level 3 spell: Kindle Blastsparks
  4776 | D:6      | Reached skill level 5 in Short Blades
  4776 | D:6      | Reached skill level 5 in Spellcasting
  4850 | D:6      | Identified the -2 cloak of the Armadillo {rPois rN++ Int+4}
  5135 | D:6      | Reached skill level 6 in Fighting
  5270 | D:7      | Reached skill level 5 in Shields
  5439 | D:7      | Noticed Pikel
  5450 | D:7      | Killed Pikel
  5451 | D:7      | Reached skill level 7 in Fighting
  5451 | D:7      | Reached XP level 10. HP: 69/75 MP: 0/0
  5608 | D:7      | Found a shadowy altar of Dithmenos.
  5676 | D:7      | Identified the +7 dagger "Qosiphod" {venom, Int+4}
  5809 | D:8      | Found an iron altar of Okawaru.
  5813 | D:8      | Found a snail-covered altar of Cheibriados.
  5814 | D:8      | Found a burning altar of Makhleb.
  5822 | D:8      | Became a worshipper of Makhleb the Destroyer
  6027 | D:8      | Noticed a two-headed ogre
  6036 | D:8      | Demolished by a two-headed ogre

Illustrated notes

Levels and vault maps discovered:
D:1:      roderic_octagonal_star, layout_basic,
          shapermc_ecumenical_altar_mp_vishouse
D:2:      layout_basic, basic_altar
D:3:      minmay_roachtagon, layout_basic, uniq_ijyb
D:4:      layout_loops_ring
D:5:      layout_layer_cave, nicolae_vehumet_altar_sigil,
          lemuel_temple_firewalk_b, gammafunk_ghost_mausoleum,
          chequers_serial_rivers_large_b, nicolae_half_adder
D:6:      layout_basic
D:7:      layout_loops_cross, nicolae_dithmenos_shadow_blocks,
          due_unseen_surprise, uniq_pikel
D:8:      minmay_bubble_buster, layout_loops_ring, grunt_temple_overflow_open,
          lair_entry_dummy
Temple:   hc_temple_tempest_star

Skill      XL: |  1  2  3  4  5  6  7  8  9 10 |
---------------+-------------------------------+-----
Fighting       | 1 2 3 4 5 7 |  7.6
Short Blades   | 1 2 3 4 5 |  5.0
Spellcasting   | 3 4 6 |  6.4
Shields        | 1 2 4 5 6 |  6.2
Dodging        | |  2.1
Stealth        | |  1.5

Action                     |  1- 3 |  4- 6 |  7- 9 | 10-12 || total
---------------------------+-------+-------+-------+-------++-------
  Melee: Dagger            |    11 |    97 |   118 |     8 ||   234
         Staff             |       |     4 |       |       ||     4
         Punch             |       |     1 |       |       ||     1
         Short sword       |       |       |    84 |       ||    84
         Trident           |       |       |    87 |    42 ||   129
   Cast: Magic Dart        |    71 |    26 |    15 |       ||   112
         Slow              |     2 |     1 |    11 |     5 ||    19
         Call Imp          |     5 |    15 |    15 |     2 ||    37
         Summon Small Mamm |     1 |     1 |    20 |       ||    22
         Mephitic Cloud    |       |    18 |    45 |    12 ||    75
         Passwall          |       |     1 |     3 |     2 ||     6
         Dazzling Flash    |       |       |     5 |       ||     5
         Kindle Blastspark |       |       |     2 |       ||     2
   Stab: Confused          |       |    10 |    31 |     2 ||    43
         Sleeping          |       |     2 |     1 |       ||     3
         Distracted        |       |     1 |     2 |       ||     3
         Invisible         |       |       |     1 |       ||     1
 Armour: Robe              |    18 |    32 |    43 |     9 ||   102
  Dodge: Dodged            |    43 |   102 |   109 |    19 ||   273
  Block: Buckler           |       |       |    35 |       ||    35
         Kite shield       |       |       |     4 |    23 ||    27

Table legend: (Time is in decaauts)
 A = Elapsed time spent in this place.
 B = Non-inter-level travel time spent in this place.
 C = Inter-level travel time spent in this place.
 D = Time resting spent in this place.
 E = Time spent auto-exploring this place.
 F = Levels seen in this place.
 G = Mean time per level.
                   A        B        C        D        E       F      G
               +--------+--------+--------+--------+--------+-----+--------+
         Total |   6032 |   5644 |    388 |      2 |     92 |   9 |  670.2 |
       Dungeon |   5893 |   5516 |    377 |      2 |      0 |   8 |  736.6 |
        Temple |    138 |    127 |     11 |      0 |     92 |   1 |  138.0 |
               +--------+--------+--------+--------+--------+-----+--------+

Top non-repeatable levels by time:
     D:5: 1394 daAuts
     D:3: 1063 daAuts
     D:4: 746 daAuts
     D:2: 658 daAuts
     D:7: 630 daAuts
     D:6: 564 daAuts
     D:1: 546 daAuts
     D:8: 289 daAuts
  Temple: 138 daAuts
